 Dungeon Crawl Stone Soup version 0.26-a0-597-gb535b0901c (webtiles) character file.

Game seed: 11198255122376931328

1910 Flugslaktarn the Cleaver (level 8, -1/78 HPs)
             Began as a Deep Dwarf Monk on Sept 14, 2020.
             Slain by a wight
             ... wielding a +2 flail of venom
              (8 damage)
             ... on level 6 of the Dungeon.
             The game lasted 00:03:06 (4863 turns).

Flugslaktarn the Cleaver (Deep Dwarf Monk)          Turns: 4863, Time: 00:03:07

Health: -1/78      AC:  6    Str: 15    XL:     8   Next: 94%
Magic:  3/3        EV: 15    Int: 12    God:
Gold:   338        SH:  0    Dex: 16    Spells: 7/7 levels left

rFire    . . .     SeeInvis .   n - +0 war axe
rCold    . . .     Faith    .   (no shield)
rNeg     . . .     Spirit   .   b - +0 robe
rPois    .         Reflect  .   w - +1 helmet
rElec    .         Harm     .   s - +0 cloak
rCorr    .                      (no gloves)
MR       ++...                  v - +0 pair of boots
Stlth    ++........             (no amulet)
HPRegen  0.00/turn              m - ring of protection from magic
MPRegen  0.08/turn              (no ring)

@: lethally poisoned (-1 -> -1), non-regenerating, drained
A: damage resistance, heal wounds, sense surroundings 1, no regeneration
a: Heal Wounds


You were on level 6 of the Dungeon.
You visited 1 branch of the dungeon, and saw 6 of its levels.

You collected 338 gold pieces.

Inventory:

Hand Weapons
 e - a +1 whip of distortion
   (You took it off a kobold on level 1 of the Dungeon)
 n - a +0 war axe (weapon)
   (You found it on level 3 of the Dungeon)
Armour
 b - a +0 robe (worn)
 s - a +0 cloak (worn)
   (You found it on level 5 of the Dungeon)
 v - a +0 pair of boots (worn)
   (You found it on level 4 of the Dungeon)
 w - a +1 helmet (worn)
   (You found it on level 5 of the Dungeon)
Jewellery
 k - a +4 ring of evasion {unknown}
   (You found it on level 5 of the Dungeon)
 m - a ring of protection from magic (left hand)
   (You found it on level 2 of the Dungeon)
 o - an uncursed amulet of faith
   (You found it on level 3 of the Dungeon)
 y - a +6 ring of dexterity {unknown}
   (You found it on level 5 of the Dungeon)
 E - an uncursed ring of fire {unknown}
   (You found it on level 6 of the Dungeon)
Scrolls
 a - a scroll of magic mapping {unknown}
 f - 9 scrolls of identify {unknown}
 i - 2 scrolls of random uselessness {unknown}
 p - 2 scrolls of blinking {unknown}
 t - 4 scrolls of teleportation
 u - 4 scrolls of amnesia {unknown}
 x - a scroll of enchant armour {unknown}
 z - a scroll of immolation {unknown}
 B - 2 scrolls of remove curse {unknown}
Potions
 c - a potion of haste {unknown}
 d - 2 potions of might
 g - a potion of brilliance {unknown}
 h - a potion of berserk rage {unknown}
 j - a potion of resistance {unknown}
 l - a potion of lignification {unknown}
 q - a potion of curing
 r - a potion of stabbing {unknown}
 A - a potion of flight {unknown}
 C - a potion of ambrosia {unknown}
 D - 2 potions of degeneration {unknown}


   Skills:
 * Level 6.8(5.8) Fighting
 * Level 8.1(7.1) Axes
 + Level 5.0(4.1) Armour
 + Level 6.0(5.0) Dodging
 - Level 2.4(1.6) Stealth


You had 7 spell levels left.
You didn't know any spells.
Your spell library was empty.

Dungeon Overview and Level Annotations

Branches:
Dungeon (6/15)
 Temple: D:4-7

Altars:
Ashenzari
Elyvilon
Ru
Trog
Wu Jian
Xom

Shops:
D:6 (


Innate Abilities, Weirdness & Mutations

You are resistant to damage.
You can heal yourself by infusing magical energy.
You passively map a small area around you.
You do not regenerate.


Message History

The wight hits you with a +2 flail of venom!
You are poisoned.
You hit the wight but do no damage.
You feel very sick.
The wight hits you with a +2 flail of venom!
* * * LOW HITPOINT WARNING * * *
You hit the wight but do no damage.
You feel sick.
The wight hits you with a +2 flail of venom!
* * * LOW HITPOINT WARNING * * *
You feel drained.
* * * LOW HITPOINT WARNING * * *
You are too injured to fight recklessly!
You hit the wight.
The wight is lightly damaged.
The wight barely misses you.
You are too injured to fight recklessly!
You barely miss the wight.
The wight is lightly damaged.
The wight hits you with a +2 flail of venom!
You die...

, * ** * * #*# .#.
* * * #.#.#* #
#.#.# # #.#.# #
#.#z# # #(#@# #
#.#.# #
#######.#.#
########.^.......#
......<..#####.###
########## #.#
#############.#
##.............#
...#############


You could see a wight.

Vanquished Creatures
  A hippogriff (D:3)
  Sigmund (D:6)
  Duvessa (D:4)
  2 phantoms (D:4)
  2 ice beasts (D:5)
  3 centaurs
  A bullfrog (D:3)
  Blork the orc (D:6)
  Dowan (D:4)
  2 howler monkeys (D:4)
  2 wights (D:6)
  2 orc priests (D:4)
  5 orc wizards
  2 worker ants
  A worker ant zombie (D:5)
  Robin (D:2)
  5 adders
  2 white imps (D:5)
  An adder skeleton (D:4)
  A worm (D:2)
  3 dart slugs
  6 leopard geckos
  11 orcs
  9 bats
  6 giant cockroaches
  20 goblins
  10 hobgoblins
  2 jackals (D:5)
  2 quokkas
  9 frilled lizards
  A jackal zombie (D:5)
  7 kobolds
  2 leopard gecko skeletons (D:5)
  A quokka skeleton (D:5)
  2 rats
128 creatures vanquished.

Vanquished Creatures (others)
  A sky beast (D:6)
  A ball python (D:2)
2 creatures vanquished.

Grand Total: 130 creatures vanquished

Notes
Turn   | Place    | Note
-------+----------+-------------------------------------------
     0 | D:1      | Flugslaktarn the Deep Dwarf Monk began the quest for the
                  | Orb.
     0 | D:1      | Reached XP level 1. HP: 20/20 MP: 1/1
   134 | D:1      | Reached XP level 2. HP: 27/27 MP: 2/2
   418 | D:1      | Reached skill level 1 in Armour
   968 | D:2      | Reached XP level 3. HP: 32/34 MP: 3/3
   986 | D:2      | Noticed Robin
   998 | D:2      | Killed Robin
   998 | D:2      | Reached skill level 4 in Axes
  1097 | D:2      | Reached XP level 4. HP: 38/42 MP: 4/4
  1337 | D:2      | Found a bloodstained altar of Trog.
  1802 | D:3      | Noticed a hippogriff
  1830 | D:3      | Killed a hippogriff
  1830 | D:3      | Reached skill level 5 in Axes
  1830 | D:3      | Reached XP level 5. HP: 36/50 MP: 4/4
  1830 | D:3      | Reached XP level 6. HP: 41/57 MP: 5/5
  1918 | D:3      | Found a hide-covered altar of Uskayaw.
  1920 | D:3      | Found a shattered altar of Ashenzari.
  1920 | D:3      | Found a shimmering altar of Xom.
  1922 | D:3      | Found a blossoming altar of Fedhas.
  1922 | D:3      | Found an ornate altar of the Wu Jian Council.
  1922 | D:3      | Found a white marble altar of Elyvilon.
  2538 | D:4      | Reached XP level 7. HP: 47/66 MP: 6/6
  2560 | D:4      | Reached skill level 6 in Axes
  2597 | D:4      | Reached skill level 5 in Fighting
  2705 | D:4      | Noticed Dowan
  2711 | D:4      | Noticed Duvessa
  2723 | D:4      | Killed Duvessa
  2729 | D:4      | Killed Dowan
  2929 | D:4      | Found a sacrificial altar of Ru.
  2937 | D:4      | Reached skill level 5 in Dodging
  3383 | D:4      | Reached XP level 8. HP: 29/76 MP: 6/6
  3387 | D:5      | Entered Level 5 of the Dungeon
  3456 | D:5      | Reached skill level 7 in Axes
  4325 | D:6      | Noticed Sigmund
  4328 | D:6      | Noticed Blork the orc
  4425 | D:6      | Killed Sigmund
  4430 | D:6      | Killed Blork the orc
  4646 | D:6      | Reached skill level 8 in Axes
  4713 | D:6      | Found Biyghuso's Weapon Shoppe.
  4849 | D:6      | Reached skill level 5 in Armour
  4863 | D:6      | Slain by a wight

Illustrated notes

Levels and vault maps discovered:
D:1:      dpeg_arrival_another_circle, layout_loops_corners
D:2:      layout_basic, trog_three_pillars_becter, uniq_robin
D:3:      layout_basic, doesnt_xom_only_xom
D:4:      minmay_clustersquares, layout_loops_ring,
          nicolae_ru_great_annihilating_truth, grunt_decor_clamped, uniq_duvessa
D:5:      layout_basic
D:6:      layout_loops_ring, minmay_temple_entry_statues_fountains,
          serial_shops, shop, kennysheep_mini, shop_statue,
          hangedman_decor_growths, kennysheep_another_room, uniq_sigmund,
          uniq_blork_the_orc

Skill      XL: |  1  2  3  4  5  6  7  8 |
---------------+-------------------------+-----
Fighting       | 3 4 5 6 |  6.8
Armour         | 1 2 3 5 |  5.0
Axes           | 4 5 6 8 |  8.1
Dodging        | 4 5 6 |  6.0
Stealth        | |  2.4

Action                   |  1- 3 |  4- 6 |  7- 9 || total
-------------------------+-------+-------+-------++-------
Melee: Hand axe          |   107 |    78 |       ||   185
       War axe           |       |    44 |   269 ||   313
 Abil: Heal Wounds       |     2 |     7 |    16 ||    25
  Use: Scroll            |     1 |       |       ||     1
       Potion            |       |     1 |     3 ||     4
 Stab: Sleeping          |     1 |     4 |     4 ||     9
       Paralysed         |       |       |     1 ||     1
Armor: Robe              |    16 |    42 |    59 ||   117
Dodge: Dodged            |    80 |    92 |   181 ||   353

Table legend: (Time is in decaauts)
 A = Elapsed time spent in this place.
 B = Non-inter-level travel time spent in this place.
 C = Inter-level travel time spent in this place.
 D = Time resting spent in this place.
 E = Time spent auto-exploring this place.
 F = Levels seen in this place.
 G = Mean time per level.
                   A        B        C        D        E       F      G
               +--------+--------+--------+--------+--------+-----+--------+
         Total |   4934 |   4642 |    292 |      0 |   3579 |   6 |  822.3 |
       Dungeon |   4934 |   4642 |    292 |      0 |   3579 |   6 |  822.3 |
               +--------+--------+--------+--------+--------+-----+--------+

Top non-repeatable levels by time:
     D:4: 1104 daAuts
     D:5: 992 daAuts
     D:1: 971 daAuts
     D:2: 774 daAuts
     D:3: 589 daAuts
     D:6: 501 daAuts
